 Dungeon Crawl Stone Soup version 0.24-a0-474-g47c397e050 (webtiles) character file.

Game seed: 10548430722310569487

28 Krouwed the Vexing (level 3, 0/26 HPs)
             Began as a Human Arcane Marksman on July 5, 2019.
             Slain by an adder (2 damage)
             ... on level 2 of the Dungeon.
             The game lasted 00:03:49 (924 turns).

Krouwed the Vexing (Human Arcane Marksman)           Turns: 924, Time: 00:03:50

Health: 0/26       AC:  3    Str: 11    XL:     3   Next: 27%
Magic:  5/5        EV: 12    Int: 13    God:
Gold:   40         SH:  0    Dex: 13    Spells: 3/4 levels left

rFire    . . .     SeeInvis .   i - +0 dagger (curse)
rCold    . . .     Gourm    .   (no shield)
rNeg     . . .     Faith    .   e - +1 robe
rPois    .         Spirit   .   (no helmet)
rElec    .         Reflect  .   (no cloak)
rCorr    .         Harm     .   (no gloves)
MR       .....                  (no boots)
Stlth    +.........             (no amulet)
HPRegen  0.08/turn              (no ring)
MPRegen  0.09/turn              (no ring)

@: lethally poisoned (0 -> -9)
A: no striking features
a: no special abilities


You were on level 2 of the Dungeon.
You were not hungry.

You visited 1 branch of the dungeon, and saw 2 of its levels.

You collected 40 gold pieces.

Inventory:

Hand Weapons
 a - a +0 hand crossbow
 b - a +2 whip of venom
 h - a +0 short sword of venom
 i - a cursed +0 dagger (weapon)
Missiles
 d - 34 bolts
Armour
 e - a +1 robe (worn)
Jewellery
 l - an uncursed ring of see invisible {unknown}
 n - an uncursed amulet of harm {unknown}
Scrolls
 m - a scroll of blinking {unknown}
Comestibles
 f - 2 rations
 g - a chunk of flesh


   Skills:
 + Level 1.4 Fighting
 * Level 2.7 Crossbows
 - Level 2.0 Dodging
 + Level 1.4 Spellcasting
 + Level 3.2 Hexes


You had 3 spell levels left.
You knew the following spells:

 Your Spells              Type           Power        Failure   Level  Hunger
a - Corona                Hex            #......      7%          1    ##.....

Your spell library contained the following spells:

 Spells                   Type           Power        Failure   Level  Hunger
 Slow                     Hex            #.......     11%         2    ###....
 Inner Flame              Hex/Fire       #.......     38%         3    ####...
 Portal Projectile        Hex/Tloc       #.....       38%         3    ####...
 Cause Fear               Hex            #.........   56%         4    #####..
 Leda's Liquefaction      Hex/Erth       #.........   80%         4    #####..


Dungeon Overview and Level Annotations

Branches:
Dungeon (2/15)

Altars:


Message History

The adder is heavily wounded.
You feel sick. The adder barely misses you.
You hit the adder.
The adder is almost dead.
You feel sick. The adder bites you.
* * * LOW HITPOINT WARNING * * *
The adder barely misses you.
You closely miss the adder.
The adder is almost dead.
* * * LOW HITPOINT WARNING * * *
You feel sick. The adder bites you.
* * * LOW HITPOINT WARNING * * *
You miss the adder.
The adder is almost dead.
The adder misses you.
You closely miss the adder.
The adder is almost dead.
* * * LOW HITPOINT WARNING * * *
You feel sick. The adder bites you.
You die...

.#+###
.....#####
.....'...#
.....###.#####
^....# #.....#
.....# #####.#
.....# #.#####
.....# #.....#
.....# #.###@#
#....#
#######S#
#....#.#
#.(....K#
......>#
#.#######
######## #.#
#S# #.......#
.###..#.# ..
.#


You could see an adder and a kobold.

Vanquished Creatures
  2 dart slugs (D:1)
  A bat (D:1)
  2 giant cockroaches (D:1)
  3 goblins (D:1)
  3 hobgoblins
  3 jackals (D:1)
  A ball python (D:1)
  3 frilled lizards (D:1)
  A kobold (D:1)
  4 rats
23 creatures vanquished.

Notes
Turn   | Place    | Note
-------+----------+-------------------------------------------
     0 | D:1      | Krouwed the Human Arcane Marksman began the quest for the
                  | Orb.
     0 | D:1      | Reached XP level 1. HP: 15/15 MP: 2/2
    97 | D:1      | Reached XP level 2. HP: 21/21 MP: 3/3
   340 | D:1      | Reached XP level 3. HP: 26/26 MP: 5/5
   924 | D:2      | Slain by an adder

Levels and vault maps discovered:
D:1:      roderic_chinese_lattice_arrival, layout_rooms
D:2:      layout_basic, nicolae_overflow_hidden_temple, first_ration, hex_tiny,
          cheibriados_altar_1

Action                   || total
-------------------------++-------
Melee: Short sword       ||     3
       Dagger            ||    47
 Fire: Hand crossbow     ||    41
  Use: Scroll            ||     2
       Potion            ||     3
Armor: Robe              ||    13
Dodge: Dodged            ||    46

Table legend:
 A = Non-vault XP
 B = Vault XP
 C = Vault XP percentage of total XP
 D = Non-vault monster count
 E = Vault monster count
 F = Vault count percentage of total count
                 A         B        C        D         E       F
            +---------+---------+-------+---------+---------+-------
      Total |      40 |       0 |   0.0 |      23 |       0 |   0.0
            +---------+---------+-------+---------+---------+-------
        D:1 |      37 |       0 |   0.0 |      21 |       0 |   0.0
        D:2 |       3 |       0 |   0.0 |       2 |       0 |   0.0
            +---------+---------+-------+---------+---------+-------
